 Dungeon Crawl Stone Soup version 0.19-a0-160-gd53b84c (webtiles) character file.

39 beholder the Sneak (level 3, 0/16 HPs)
             Began as a Vine Stalker Enchanter on May 21, 2016.
             Succumbed to an adder's poison
             ... on level 2 of the Dungeon.
             The game lasted 00:07:18 (1134 turns).

beholder the Sneak (Vine Stalker Enchanter)         Turns: 1134, Time: 00:07:19

Health: 0/16       AC:  3    Str: 10    XL:     3   Next: 47%
Magic:  1/7        EV: 12    Int: 21    God:
Gold:   34         SH:  0    Dex: 14    Spells: 2 memorised, 3 levels left

rFire  . . .     SeeInvis .     a - +1 dagger
rCold  . . .     Gourm    .     b - +1 robe
rNeg   . . .     Faith    .     (no shield)
rPois  .         Spirit   +     (no helmet)
rElec  .         Dismiss  .     (no cloak)
rCorr  .         Reflect  .     (no gloves)
SustAt .         Harm     .     (no boots)
MR     .....                    (no amulet)
Stlth  +++.......               (no ring)
                                (no ring)

@: brilliant, lethally poisoned (0 -> -1), flying, not resistant to hostile
enchantments, fairly stealthy
A: fangs 2, regeneration 1, magic shield, antimagic bite, no device heal 3, rot
immunity
a: no special abilities


You were on level 2 of the Dungeon.
You were hungry.

You visited 1 branch of the dungeon, and saw 2 of its levels.

You collected 34 gold pieces.

Inventory:

Hand Weapons
 a - a +1 dagger (weapon)
 n - a -1 dagger
Armour
 b - a +1 robe (worn)
Scrolls
 e - 5 scrolls of identify
 f - a scroll of amnesia
Books
 c - a book of Maledictions

   Spells                             Type                      Level
   a - Corona                         Hexes                        1
   b - Ensorcelled Hibernation        Hexes/Ice                    2
   c - Confuse                        Hexes                        3
   d - Tukima's Dance                 Hexes                        3
   e - Dazzling Spray                 Conjuration/Hexes            3
Comestibles
 d - a bread ration
 h - a meat ration
 m - a chunk of flesh


   Skills:
 - Level 1.0 Short Blades
 - Level 1.5 Dodging
 + Level 4.6 Stealth
 + Level 2.3 Spellcasting
 + Level 3.6 Hexes


You had 3 spell levels left.
You knew the following spells:

 Your Spells              Type           Power        Failure   Level  Hunger
a - Ensorcelled Hibernat  Hex/Ice        ###...       1%          2    ##.....
b - Corona                Hex            ####...      1%          1    None


Dungeon Overview and Level Annotations

Branches:
Dungeon (2/15)

Altars:


Innate Abilities, Weirdness & Mutations

You have extremely sharp teeth.
Your natural rate of healing is unusually fast.
When hurt, damage is shared between your health and your magic reserves.
Your bite disrupts and absorbs the magic of your enemies.
Potions and wands cannot restore your health.
You are immune to rotting.


Message History

* * * LOW HITPOINT WARNING * * *
You feel sick.
Unknown command.
* * * LOW HITPOINT WARNING * * *
You feel sick.
You take 1 damage, and have 1/16 hp.
Drink which item? (? for menu, Esc to quit)
It was a potion of brilliance.
You feel clever all of a sudden. The adder barely misses you.
Drink which item? (? for menu, Esc to quit)
It was a potion of flight.
You feel very buoyant.
You fly up into the air.
The adder barely misses you. The adder completely misses you.
Drink which item? (? for menu, Esc to quit)
It was a potion of cure mutation.
It has a very clean taste.
* * * LOW HITPOINT WARNING * * *
You feel sick. The adder barely misses you.
You die...

## ### .. ..#
..#####.#
#.#..##.###
#.#..##.#<###
#.#.....S...#
#.###.#.....#.#.#
#......<....#@#
#####.......#.#
.>...........
#...............
#...#.#.#.......#
##.##.#.##.#.....
#. #.#....+......
. #.####.#.......


You could see an adder.

Vanquished Creatures
  A dart slug (D:1)
  A giant gecko (D:1)
  3 ball pythons (D:1)
  4 bats (D:1)
  4 giant cockroaches (D:1)
  A goblin (D:1)
  4 hobgoblins (D:1)
  4 jackals (D:1)
  6 kobolds (D:1)
  3 giant newts (D:1)
  2 rats (D:1)
33 creatures vanquished.

Notes
Turn   | Place    | Note
--------------------------------------------------------------
     0 | D:1      | beholder the Vine Stalker Enchanter began the quest for the Orb.
     0 | D:1      | Reached XP level 1. HP: 9/9 MP: 4/4
   124 | D:1      | Reached skill level 1 in Short Blades
   124 | D:1      | Reached skill level 4 in Stealth
   126 | D:1      | Reached XP level 2. HP: 12/13 MP: 6/6
   351 | D:1      | Learned a level 2 spell: Ensorcelled Hibernation
   450 | D:1      | Reached XP level 3. HP: 16/16 MP: 2/7
  1134 | D:2      | Succumbed to an adder's poison

Vault maps used:
D:1:      dpeg_arrival_water_fire, kennysheep_pointless_box
D:2:      lemuel_crystal_altar, serial_bayou_pond_a, uniq_iyjb,
          uniq_crazy_yiuf_cottage

Skill      XL: |  1 |
---------------+----+-----
Short Blades   | 1 |  1.0
Stealth        | 4 |  4.6
Dodging        | |  1.5
Spellcasting   | |  2.3
Hexes          | |  3.6

Action                   || total
-------------------------++-------
Melee: Dagger            ||    92
       Bite              ||    10
 Cast: Ensorcelled Hiber ||    14
  Use: Potion            ||     4
       Scroll            ||     2
 Stab: Sleeping          ||    10
       Distracted        ||     1
  Eat: Chunk             ||     1
Armor: Robe              ||    31
Dodge: Dodged            ||    88
